 Dungeon Crawl Stone Soup version 0.28-a0-1235-g7c8fac35f0 (webtiles) character file.

Game seed: 9915857529047594935

90927 Gargoyl the Covert (level 16, -34/128 HPs)
             Began as a Gnoll Abyssal Knight on Dec 25, 2021.
             Was an Elder of Lugonu.
             Annihilated by Rupert (44 damage)
             ... on level 14 of the Dungeon.
             The game lasted 00:36:30 (30369 turns).

Gargoyl the Covert (Gnoll Abyssal Knight)          Turns: 30369, Time: 00:36:32

Health: -34/128    AC: 29    Str: 19    XL:     16   Next: 1%
Magic:  14/30      EV:  7    Int: 10    God:    Lugonu [****..]
Gold:   1173       SH: 20    Dex: 14    Spells: 36/36 levels left

rFire   + . .      SeeInvis .   x - +2 war axe (elec)
rCold   . . .      Faith    .   e - +4 tower shield "Gusear" {rF+}
rNeg    . . .      Spirit   .   M - +0 plate armour
rPois   +          Reflect  .   c - +2 helmet
rElec   .          Harm     .   q - +2 cloak
rCorr   .          Rampage  .   (no gloves)
Will    +....                   f - +2 pair of boots
Stlth   +.........              G - amulet of regeneration
HPRegen 1.11/turn               a - ring of poison resistance
MPRegen 0.22/turn               A - +4 ring of protection

@: lethally poisoned (-34 -> -34), studying Stealth
A: fangs 1, strong nose, distributed training
a: Renounce Religion, Depart the Abyss, Bend Space, Banish, Corrupt


You were on level 14 of the Dungeon.
You worshipped Lugonu.
Lugonu was greatly pleased with you.
You visited 2 branches of the dungeon, and saw 20 of its levels.
You visited the Abyss 1 time.
You also visited: Ossuary.

You collected 1509 gold pieces.
You spent 336 gold pieces at shops.

Inventory:

Hand Weapons
 b - the +8 short sword of Ignis's Castigation {drain, rPois rF++ Will+ Str-2}
   (You acquired it on level 3 of the Dungeon)

   A truly terrible weapon, it drains the life of any living foe it strikes.
   Str:       It affects your strength (-2).
   rF:        It greatly protects you from fire.
   rPois:     It protects you from poison.
   Will:      It increases your willpower.
 x - a +2 war axe of electrocution (weapon)
 y - a +3 falchion of venom
 C - a +1 hand axe of electrocution
Missiles
 d - 84 poisoned darts (quivered)
 h - 7 curare-tipped darts
 D - a throwing net
Armour
 c - a +2 helmet (worn)
 e - the +4 tower shield "Gusear" (worn) {rF+}
   (You found it on level 13 of the Dungeon)

   rF:        It protects you from fire.
 f - a +2 pair of boots (worn)
 q - a +2 cloak (worn)
 M - a +0 plate armour (worn)
Jewellery
 a - a ring of poison resistance (left hand)
 A - a +4 ring of protection (right hand)
 G - an amulet of regeneration (around neck)
 K - a ring of protection from cold
 N - the ring "Izxogepaw" {Fly Str+2}
   (You found it on level 1 of the Lair of Beasts)

   [ring of flight]

   Str:       It affects your strength (+2).
   Fly:       It grants you flight.
Wands
 i - a wand of flame (71)
 o - a wand of polymorph (19)
 r - a wand of iceblast (18)
 w - a wand of digging (15)
 z - a wand of mindburst (7)
 F - a wand of acid (19)
 J - a wand of paralysis (6)
 Q - a wand of charming (4)
Scrolls
 g - 5 scrolls of summoning
 l - 5 scrolls of blinking
 m - 15 scrolls of identify
 p - 17 scrolls of teleportation
 s - 3 scrolls of fog
 E - 4 scrolls of magic mapping
 I - 3 scrolls of fear
Potions
 j - a potion of magic
 k - a potion of flight
 n - 7 potions of curing
 t - a potion of haste
 v - 4 potions of cancellation
 B - 3 potions of brilliance
 L - 2 potions of ambrosia
 O - 2 potions of attraction
Miscellaneous
 R - a lightning rod (4/4)


   Skills:
 + Level 12.3 Fighting
 + Level 10.5 Short Blades
 + Level 10.5 Long Blades
 + Level 11.5 Axes
 + Level 10.5 Maces & Flails
 + Level 10.5 Polearms
 + Level 10.5 Staves
 + Level 10.5 Slings
 + Level 10.5 Bows
 + Level 10.5 Crossbows
 + Level 10.5 Throwing
 + Level 11.5 Armour
 + Level 10.9 Dodging
 + Level 14.0 Stealth
 + Level 10.5 Shields
 + Level 10.5 Unarmed Combat
 + Level 10.5 Spellcasting
 + Level 8.9 Conjurations
 + Level 8.9 Hexes
 + Level 8.9 Summonings
 + Level 8.9 Necromancy
 + Level 8.9 Translocations
 + Level 8.9 Transmutations
 + Level 8.9 Fire Magic
 + Level 8.9 Ice Magic
 + Level 8.9 Air Magic
 + Level 8.9 Earth Magic
 + Level 8.9 Poison Magic
 + Level 12.3 Invocations
 + Level 10.5 Evocations


You had 36 spell levels left.
You didn't know any spells.
Your spell library contained the following spells:

 Spells                   Type           Power      Damage    Failure   Level
 Ensorcelled Hibernation  Hex/Ice        46%        N/A       50%         2
 Passwall                 Tmut/Erth      19%        N/A       50%         2
 Frozen Ramparts          Ice            46%        1d6       75%         3
 Ignite Poison            Fire/Tmut/Pois 23%        N/A       75%         3
 Mephitic Cloud           Conj/Pois/Air  23%        N/A       75%         3
 Spider Form              Tmut/Pois      23%        N/A       75%         3
 Swiftness                Air            23%        N/A       75%         3
 Flame Wave               Conj/Fire      23%        2d6       98%         4
 Hailstorm                Conj/Ice       23%        3d7       98%         4
 Ice Form                 Ice/Tmut       23%        N/A       98%         4
 Leda's Liquefaction      Hex/Erth       11%        N/A       98%         4
 Petrify                  Tmut/Erth      23%        N/A       98%         4
 Summon Ice Beast         Ice/Summ       23%        N/A       98%         4
 Freezing Cloud           Conj/Ice/Air   11%        6-21      100%        5
 Lee's Rapid Deconstruct  Erth           11%        3d9*      100%        5
 Summon Forest            Summ/Tloc      11%        N/A       100%        5
 Eringya's Noxious Bog    Tmut/Pois      11%        N/A       100%        6
 Simulacrum               Ice/Necr       11%        N/A       100%        6
 Summon Hydra             Summ           11%        N/A       100%        7


Dungeon Overview and Level Annotations

Branches:
Dungeon (14/15)            Temple (0/1) D:5            Lair (6/6) D:10
  Swamp (0/4) Lair:2       Spider (0/4) Lair:2        Slime (0/5) Lair:5
    Orc (0/2) D:9          Vaults (0/5) D:13        Ossuary (visited)

Altars:
Cheibriados
Dithmenos
Qazlal

Shops:
D:11 ?

Annotations:
D:14 Rupert
Lair:5 Vuiwum's ghost, journeyman TeSu
Abyss:1 Azrael


Innate Abilities, Weirdness & Mutations

You have very sharp teeth.
Your uncanny sense of smell can sniff out nearby items.
Your experience applies equally to all skills.


Message History

Press: ? - help, Shift-Dir - straight line, f - Rupert
Aim: Rupert, wielding a +4 great sword of venom and wearing a +0 ring mail (chance to affect: 26%) Rupert easily resists.
You feel very sick.
You block the centaur's attack. x2; You block the centaur warrior's attack.
The centaur warrior completely misses you.
Rupert hits you with a +4 great sword of venom!!
* * * LOW HITPOINT WARNING * * *
Unknown command.
Press: ? - help, Shift-Dir - straight line, f/p - Rupert
Aim: Rupert, wielding a +4 great sword of venom and wearing a +0 ring mail (chance to affect: 26%) Rupert easily resists.
You feel yourself slow down.
* * * LOW HITPOINT WARNING * * *
You feel sick. You block the centaur's attack. x2
The centaur warrior hits you but does no damage.
You block the centaur warrior's attack.
You feel better. Rupert hits you but does no damage.
You are poisoned.
You block the centaur's attack.
The centaur kicks you but does no damage.
The centaur warrior hits you but does no damage.
You block the centaur warrior's attack.
Press: ? - help, Shift-Dir - straight line, f/p - Rupert
Aim: Rupert, wielding a +4 great sword of venom and wearing a +0 ring mail (chance to affect: 26%) Rupert easily resists.
You feel sick. You block the centaur's attack.
The centaur kicks you but does no damage.
The centaur warrior misses you.
The centaur warrior kicks you but does no damage.
Rupert roars madly and goes into a rage!
Rupert goes berserk!
You block the centaur warrior's attack.
The centaur warrior kicks you but does no damage.
You block the centaur's attack. x2
Press: ? - help, Shift-Dir - straight line, f/p - Rupert
Aim: Rupert, wielding a +4 great sword of venom and wearing a +0 ring mail (berserk, chance to affect: 26%) Rupert easily resists.
You can no longer gate yourself to the Abyss.
You feel sick.
Rupert hits you with a +4 great sword of venom!!!
You die...

....................#
...............@....#∆
.........^...#####..#
####+##......#...#..###### #
#......#...#.......# #
#......#...'...##### #
+......#...#...# #
#......#####...# #
#.........@@c..###### #
#.........cc........# #
#.#####.............# #
#.#...###...........# #
#.#.....#...........#######
#######.#>....#..................
........'.....#..................
........##....#......####........
.........+....#......#..#########


You could see Rupert (berserk), a centaur warrior and 2 centaurs.

Vanquished Creatures
  Jorgrun (D:13)
  Kirke (D:12)
  Nessos (D:12)
  Josephine (D:12)
  A fire dragon (D:13)
  The ghost of Ixtyluop the Destroyer, a journeyman TeFE of Vehumet (Lair:1)
  Fannar (Lair:1)
  10 hydras
  6 boulder beetles
  A vault guard (D:13)
  7 centaur warriors
  8 two-headed ogres
  2 tengu warriors (D:13)
  Sonja (D:11)
  A fire crab (D:13)
  3 skeletal warriors
  2 orc knights (D:13)
  2 ugly things
  A wolf spider (Lair:6)
  A deep elf pyromancer (D:13)
  5 cyclopes
  Joseph (D:7)
  7 manticores
  6 elephants
  A black mamba (shapeshifter) (D:14)
  A guardian serpent (Lair:6)
  A water nymph (shapeshifter) (D:13)
  9 black mambas
  A gargoyle (D:12)
  16 cane toads
  An unseen horror (D:11)
  Maggie (D:8)
  4 rime drakes
  2 freezing wraiths (D:13)
  7 komodo dragons
  2 kobold demonologists (D:13)
  3 trolls
  2 polar bears
  A jumping spider (Lair:2)
  3 hornets
  22 blink frogs
  A slime creature (D:12)
  The ghost of ChaosChampion the Insei, an amateur OpTm (D:3)
  A dream sheep (Lair:5)
  2 shadows (D:10)
  The ghost of ChaosChampion the Skirmisher, an amateur OgWr (D:3)
  2 vampires
  2 redbacks (Lair:6)
  3 hogs (D:13)
  The ghost of anet the Shield-Bearer, an amateur GnFi of Ashenzari (D:3)
  4 fire elementals (D:13)
  4 wraiths
  13 wyverns
  38 yaks
  2 basilisks
  12 vampire mosquitoes
  3 acid dragons
  2 swamp worms (Lair:2)
  Edmund (D:5)
  2 hell hounds (D:13)
  23 water moccasins
  Duvessa (D:4)
  4 sky beasts
  2 black bears
  4 orc warriors
  3 ice beasts
  A necrophage (D:7)
  2 ogres
  23 centaurs
  48 wolves
  The ghost of niknal the Changer, an amateur OpTm (D:3)
  The ghost of niknal the Slasher, an amateur GrWr (D:3)
  2 kobold brigands (D:10)
  3 elf zombies (Ossuary)
  14 bullfrogs
  A water moccasin zombie (D:6)
  A gnoll sergeant (D:7)
  Dowan (D:4)
  4 killer bees
  6 wights
  A howler monkey (D:6)
  6 centaur zombies
  A human zombie (Ossuary)
  A bullfrog zombie (D:6)
  3 hounds
  2 jellies
  4 orc priests
  A bullfrog skeleton (D:5)
  5 iguanas
  Ijyb (D:5)
  8 orc wizards
  2 hell rats (Lair:4)
  A killer bee zombie (D:7)
  3 mummies (Ossuary)
  3 howler monkey zombies
  Robin (D:3)
  4 adders (D:2)
  A howler monkey skeleton (D:7)
  7 gnolls
  10 river rats (Lair:4)
  A shadow imp (D:6)
  A white imp (D:7)
  8 adder zombies (Ossuary)
  9 worms
  2 dart slugs (D:3)
  36 orcs
  3 ball pythons
  3 bats (D:2)
  4 endoplasms
  3 giant cockroaches (D:2)
  3 gnoll zombies (Ossuary)
  15 goblins
  4 hobgoblins (D:3)
  3 jackals (D:3)
  3 kobolds
  2 frilled lizards (D:2)
  2 goblin zombies (Ossuary)
  4 hobgoblin zombies (Ossuary)
  2 jackal zombies (Ossuary)
  4 kobold zombies (Ossuary)
  2 orc zombies (Ossuary)
  3 quokka zombies (Ossuary)
  4 rats
  3 rat zombies
577 creatures vanquished.

Vanquished Creatures (collateral kills)
  A moth of wrath (Lair:1)
  A wolf (Lair:1)
2 creatures vanquished.

Vanquished Creatures (others)
  A wizard (D:13)
  A vampire (D:13)
  A basilisk (D:13)
  21 fungi
  46 plants
70 creatures vanquished.

Grand Total: 649 creatures vanquished

Notes
Turn   | Place    | Note
-------+----------+-------------------------------------------
     0 | Abyss:1  | Gargoyl the Gnoll Abyssal Knight began the quest for the
                  | Orb.
     0 | Abyss:1  | Reached XP level 1. HP: 23/23 MP: 3/3
    86 | Abyss:1  | Noticed a tentacled starspawn
   329 | Abyss:1  | Noticed a raiju
   337 | D:1      | Escaped the Abyss
   995 | D:1      | Found a faded altar of an unknown god.
  1070 | D:1      | Reached XP level 2. HP: 27/29 MP: 5/5
  1877 | D:1      | Reached XP level 3. HP: 26/35 MP: 6/6
  2342 | D:2      | Reached skill level 1 in Short Blades
  2342 | D:2      | Reached skill level 1 in Long Blades
  2342 | D:2      | Reached skill level 1 in Maces & Flails
  2342 | D:2      | Reached skill level 1 in Polearms
  2342 | D:2      | Reached skill level 1 in Staves
  2342 | D:2      | Reached skill level 1 in Slings
  2342 | D:2      | Reached skill level 1 in Bows
  2342 | D:2      | Reached skill level 1 in Crossbows
  2342 | D:2      | Reached skill level 1 in Throwing
  2342 | D:2      | Reached skill level 1 in Stealth
  2342 | D:2      | Reached skill level 1 in Shields
  2342 | D:2      | Reached skill level 1 in Unarmed Combat
  2342 | D:2      | Reached skill level 1 in Spellcasting
  2342 | D:2      | Reached skill level 1 in Evocations
  2370 | D:2      | Reached XP level 4. HP: 13/41 MP: 7/7
  2995 | D:2      | Reached skill level 1 in Conjurations
  2995 | D:2      | Reached skill level 1 in Hexes
  2995 | D:2      | Reached skill level 1 in Summonings
  2995 | D:2      | Reached skill level 1 in Necromancy
  2995 | D:2      | Reached skill level 1 in Translocations
  2995 | D:2      | Reached skill level 1 in Transmutations
  2995 | D:2      | Reached skill level 1 in Fire Magic
  2995 | D:2      | Reached skill level 1 in Ice Magic
  2995 | D:2      | Reached skill level 1 in Air Magic
  2995 | D:2      | Reached skill level 1 in Earth Magic
  2995 | D:2      | Reached skill level 1 in Poison Magic
  3498 | D:3      | Reached XP level 5. HP: 14/47 MP: 8/8
  3867 | D:3      | Found a runed translucent gate.
  3867 | D:3      | Found a runed translucent gate.
  3867 | D:3      | Found a runed translucent gate.
  3867 | D:3      | Noticed anet's ghost (amateur GnFi)
  3868 | D:3      | Noticed ChaosChampion's ghost (amateur OgWr)
  3868 | D:3      | Noticed niknal's ghost (amateur GrWr)
  3868 | D:3      | Noticed niknal's ghost (amateur OpTm)
  3868 | D:3      | Noticed ChaosChampion's ghost (amateur OpTm)
  3871 | D:3      | Reached * piety under Lugonu
  4022 | D:3      | Noticed Robin
  4034 | D:3      | Killed Robin
  4251 | D:3      | Reached skill level 5 in Invocations
  4320 | D:3      | Killed ChaosChampion's ghost
  4321 | D:3      | Reached skill level 5 in Axes
  4321 | D:3      | Reached skill level 5 in Armour
  4321 | D:3      | Reached skill level 2 in Stealth
  4321 | D:3      | Reached XP level 6. HP: 41/53 MP: 9/9
  4331 | D:3      | Killed anet's ghost
  4332 | D:3      | Reached XP level 7. HP: 36/60 MP: 10/10
  4332 | D:3      | Killed niknal's ghost
  4345 | D:3      | Killed niknal's ghost
  4349 | D:3      | Killed ChaosChampion's ghost
  4716 | D:3      | Identified a scroll of acquirement
  4716 | D:3      | Acquired the +8 short sword of Ignis's Castigation {drain,
                  | rPois rF++ Will+ Str-2}
  4880 | D:4      | Noticed Dowan
  4880 | D:4      | Noticed Duvessa
  4894 | D:4      | Killed Duvessa
  4895 | D:4      | Reached skill level 3 in Stealth
  4895 | D:4      | Reached XP level 8. HP: 52/67 MP: 12/12
  4903 | D:4      | Killed Dowan
  5155 | D:4      | Found a sand-covered staircase.
  5161 | D:4      | Reached ** piety under Lugonu
  5170 | Ossuary  | Entered an ossuary
  5729 | Ossuary  | Reached *** piety under Lugonu
  6372 | D:5      | Entered Level 5 of the Dungeon
  6438 | D:5      | Noticed Ijyb
  6450 | D:5      | Killed Ijyb
  6503 | D:5      | Identified the ring "Eguthryw" {Ice rCorr}
  6750 | D:5      | Noticed Edmund
  6763 | D:5      | Killed Edmund
  6764 | D:5      | Reached XP level 9. HP: 47/73 MP: 14/14
  7191 | D:5      | Reached skill level 4 in Stealth
  7320 | D:5      | Found a staircase to the Ecumenical Temple.
  7598 | D:6      | Reached skill level 5 in Dodging
  7857 | D:6      | You fall into a shaft and drop 1 floor!
  8160 | D:7      | Noticed Joseph
  8176 | D:7      | Killed Joseph
  8177 | D:7      | Reached skill level 5 in Stealth
  8177 | D:7      | Reached XP level 10. HP: 53/80 MP: 17/17
  8189 | D:7      | Reached skill level 5 in Short Blades
  8189 | D:7      | Reached skill level 5 in Long Blades
  8189 | D:7      | Reached skill level 5 in Maces & Flails
  8189 | D:7      | Reached skill level 5 in Polearms
  8189 | D:7      | Reached skill level 5 in Staves
  8189 | D:7      | Reached skill level 5 in Slings
  8189 | D:7      | Reached skill level 5 in Bows
  8189 | D:7      | Reached skill level 5 in Crossbows
  8189 | D:7      | Reached skill level 5 in Throwing
  8189 | D:7      | Reached skill level 5 in Shields
  8189 | D:7      | Reached skill level 5 in Unarmed Combat
  8189 | D:7      | Reached skill level 5 in Spellcasting
  8189 | D:7      | Reached skill level 5 in Evocations
  8655 | D:7      | Identified the +1 scale mail "Tuk Ozal" {Fly rC- Will+
                  | Int+3}
  8727 | D:7      | Reached **** piety under Lugonu
  9599 | D:7      | Identified the +8 war axe "Cuirazol" {spect, +Blink rC+
                  | Dex-3 Stlth+}
 10152 | D:8      | Found a stormy altar of Qazlal.
 10153 | D:8      | Found a snail-covered altar of Cheibriados.
 10234 | D:8      | Reached skill level 6 in Stealth
 10319 | D:8      | Noticed Maggie
 10338 | D:8      | Killed Maggie
 11259 | D:9      | Found a staircase to the Orcish Mines.
 11301 | D:9      | Noticed a two-headed ogre
 11311 | D:9      | Killed a two-headed ogre
 11527 | D:9      | HP: 2/82 [orc priest/divine providence (14)]
 12468 | D:10     | Entered Level 10 of the Dungeon
 12480 | D:10     | Reached XP level 11. HP: 84/87 MP: 19/19
 12528 | D:10     | Reached skill level 7 in Stealth
 12822 | D:10     | Noticed a two-headed ogre
 12835 | D:10     | Killed a two-headed ogre
 12836 | D:10     | Reached skill level 5 in Conjurations
 12836 | D:10     | Reached skill level 5 in Hexes
 12836 | D:10     | Reached skill level 5 in Summonings
 12836 | D:10     | Reached skill level 5 in Necromancy
 12836 | D:10     | Reached skill level 5 in Translocations
 12836 | D:10     | Reached skill level 5 in Transmutations
 12836 | D:10     | Reached skill level 5 in Fire Magic
 12836 | D:10     | Reached skill level 5 in Ice Magic
 12836 | D:10     | Reached skill level 5 in Air Magic
 12836 | D:10     | Reached skill level 5 in Earth Magic
 12836 | D:10     | Reached skill level 5 in Poison Magic
 13270 | D:10     | Reached ***** piety under Lugonu
 13818 | D:10     | Found a staircase to the Lair.
 14019 | Lair:1   | Entered Level 1 of the Lair of Beasts
 14082 | Lair:1   | Reached skill level 8 in Stealth
 14594 | Lair:1   | Found a transporter.
 14644 | Lair:1   | Noticed a moth of wrath
 14738 | Lair:1   | Noticed Ixtyluop's ghost (journeyman TeFE)
 14756 | Lair:1   | Noticed an eight-headed hydra
 14768 | Lair:1   | Banished an eight-headed hydra
 15184 | Lair:1   | Noticed Fannar
 15225 | Lair:1   | Killed Fannar
 15226 | Lair:1   | Reached XP level 12. HP: 16/96 MP: 22/22
 15827 | Lair:1   | Found a transporter.
 16002 | Lair:1   | Reached skill level 9 in Stealth
 17282 | Lair:2   | Noticed a four-headed hydra
 17284 | Lair:2   | Noticed a five-headed hydra
 17371 | Lair:2   | Killed a five-headed hydra
 17372 | Lair:2   | Reached skill level 10 in Fighting
 17397 | Lair:2   | Killed a four-headed hydra
 18042 | Lair:2   | Noticed a five-headed hydra
 18065 | Lair:2   | Banished a five-headed hydra
 18183 | Lair:2   | Noticed a seven-headed hydra
 18278 | Lair:2   | Banished a seven-headed hydra
 18279 | Lair:2   | Reached skill level 10 in Stealth
 18702 | Lair:2   | Found a hole to the Spider Nest.
 18842 | Lair:2   | Found a staircase to the Swamp.
 18891 | Lair:2   | Reached XP level 13. HP: 103/103 MP: 24/24
 19011 | Lair:2   | Found a shadowy altar of Dithmenos.
 20342 | Lair:4   | Reached skill level 10 in Invocations
 22093 | Lair:5   | Reached skill level 11 in Stealth
 22650 | Lair:5   | Found a transporter.
 22653 | Lair:5   | Found a transporter.
 22653 | Lair:5   | Noticed Vuiwum's ghost (journeyman TeSu)
 22970 | Lair:5   | Found a staircase to the Slime Pits.
 23092 | Lair:6   | Entered Level 6 of the Lair of Beasts
 23438 | Lair:6   | Reached skill level 10 in Axes
 23438 | Lair:6   | Reached skill level 10 in Armour
 23438 | Lair:6   | Reached XP level 14. HP: 113/113 MP: 26/26
 24126 | Lair:6   | Reached skill level 12 in Stealth
 24930 | Lair:1   | Identified the ring "Izxogepaw" {Fly Str+2}
 25264 | Lair:1   | Killed Ixtyluop's ghost
 26212 | D:11     | Got Hithylidd's Handbook of Cold
 26456 | D:11     | Noticed Sonja
 26483 | D:11     | Killed Sonja
 26592 | D:11     | Found Qumeucraebb's Magic Scroll Shop.
 26642 | D:11     | Bought a scroll of enchant weapon for 105 gold pieces
 26642 | D:11     | Bought a scroll of blinking for 105 gold pieces
 26642 | D:11     | Bought a scroll of teleportation for 42 gold pieces
 26642 | D:11     | Bought a scroll of teleportation for 42 gold pieces
 26642 | D:11     | Bought a scroll of teleportation for 42 gold pieces
 26871 | D:12     | Reached skill level 10 in Dodging
 26965 | D:12     | Found a flickering gateway to a bazaar.
 27040 | D:12     | Noticed Josephine
 27058 | D:12     | Killed Josephine
 27099 | D:12     | Noticed Nessos
 27115 | D:12     | Killed Nessos
 27271 | D:12     | Reached XP level 15. HP: 102/120 MP: 28/28
 27796 | D:13     | Reached skill level 13 in Stealth
 27848 | D:13     | Noticed Jorgrun
 27880 | D:13     | Killed Jorgrun
 28076 | D:13     | Reached skill level 10 in Short Blades
 28076 | D:13     | Reached skill level 10 in Long Blades
 28076 | D:13     | Reached skill level 10 in Maces & Flails
 28076 | D:13     | Reached skill level 10 in Polearms
 28076 | D:13     | Reached skill level 10 in Staves
 28076 | D:13     | Reached skill level 10 in Slings
 28076 | D:13     | Reached skill level 10 in Bows
 28076 | D:13     | Reached skill level 10 in Crossbows
 28076 | D:13     | Reached skill level 10 in Throwing
 28076 | D:13     | Reached skill level 10 in Shields
 28076 | D:13     | Reached skill level 10 in Unarmed Combat
 28076 | D:13     | Reached skill level 10 in Spellcasting
 28076 | D:13     | Reached skill level 10 in Evocations
 28125 | D:13     | Paralysed by a hornet for 1 turns
 28504 | D:13     | Found a runed translucent door.
 28507 | D:13     | Found a runed translucent door.
 28507 | D:13     | Found a runed translucent door.
 28799 | D:13     | Noticed Azrael
 28818 | D:13     | Banished Azrael
 28958 | D:13     | Noticed Kirke
 28989 | D:13     | Noticed a sphinx
 29222 | D:12     | Killed Kirke
 29401 | D:13     | Got Sif Muna's Almanac of the Arsonist and the Rocks
 29422 | D:13     | Identified the +4 tower shield "Gusear" {rF+}
 29620 | D:13     | Found a gate to the Vaults.
 30151 | D:14     | Reached XP level 16. HP: 93/128 MP: 30/30
 30159 | D:14     | Reached skill level 14 in Stealth
 30307 | D:14     | Noticed Rupert
 30313 | D:14     | Paralysed by something for 6 turns
 30356 | D:14     | Paralysed by Rupert for 5 turns
 30365 | D:14     | HP: 5/128 [Rupert (22)]
 30369 | D:14     | Annihilated by Rupert

Illustrated notes

Levels and vault maps discovered:
D:1:      dpeg_arrival_solitude, layout_loops_cross,
          ebering_ecumenical_altar_hall, minmay_misc_feat_tiny
D:2:      layout_loops_cross
D:3:      layout_basic, gammafunk_ghost_cemetery, cheibrodos_gnoll_hut,
          uniq_robin
D:4:      layout_basic, enter_ossuary_3, nicolae_wormholes, uniq_duvessa
D:5:      layout_basic, minmay_temple_entry_hall, minivault_24, uniq_ijyb,
          uniq_edmund
D:6:      layout_basic, grunt_ministairs_9, minmay_manual_mess
D:7:      layout_basic, uniq_joseph
D:8:      layout_cave_pools, mainiacjoe_overflow_divided_tiny,
          dk_rats_in_the_wall, uniq_maggie
D:9:      layout_loops_corners, orc_0_dummy, chequers_serial_rivers_large_b,
          grunt_ministairs_15
D:10:     wad_woods_structure_01, layout_rooms, david_lair_generic
D:11:     layout_rooms, serial_shops, shop, uniq_sonja
D:12:     layout_basic, serial_shops, freezing_bzr, minmay_misc_feat_enclosed,
          lightli_fourway_metalbox, uniq_nessos, uniq_josephine
D:13:     minmay_the_grid_four_pointed_star
          [minmay_the_grid_triangle_9x9_fully_insulated_deathbox,
          minmay_the_grid_triangle_9x9_minimal,
          minmay_the_grid_triangle_9x9_dagger,
          minmay_the_grid_triangle_9x9_warning,
          minmay_the_grid_prize_trominoes], layout_irregular_city,
          david_vaults_5, uniq_jorgrun, uniq_azrael, uniq_kirke
D:14:     layout_irregular_city, uniq_rupert
Lair:1:   layout_gridlike, gammafunk_ghost_berserking_beasts,
          grunt_megastairs_4, uniq_fannar
Lair:2:   layout_gridlike, palyth_hydra_swamp_entry, spider_nest_entry_a,
          lemuel_centaur_altar, infiniplex_staircase_pool_2
Lair:3:   layout_regular_city, st_stairs_5, lemuel_fruit_tree
Lair:4:   layout_loops_ring, gauntlet_entry_generic, kennysheep_rathole,
          infiniplex_staircase_pool
Lair:5:   layout_hall_layers, minmay_slime_entry_oklob_open,
          gammafunk_ghost_arena, grunt_megastairs_3
Lair:6:   hangedman_lair_tendril_chambers, layout_cave_pods

Skill      XL: |  1  2  3  4  5  6  7  8  9 10 11 12 13 14 15 16 |
---------------+-------------------------------------------------+-----
Short Blades   | 1 2 3 4 5 6 7 8 9 10 | 10.5
Long Blades    | 1 2 3 4 5 6 7 8 9 10 | 10.5
Maces & Flails | 1 2 3 4 5 6 7 8 9 10 | 10.5
Polearms       | 1 2 3 4 5 6 7 8 9 10 | 10.5
Staves         | 1 2 3 4 5 6 7 8 9 10 | 10.5
Slings         | 1 2 3 4 5 6 7 8 9 10 | 10.5
Bows           | 1 2 3 4 5 6 7 8 9 10 | 10.5
Crossbows      | 1 2 3 4 5 6 7 8 9 10 | 10.5
Throwing       | 1 2 3 4 5 6 7 8 9 10 | 10.5
Stealth        | 1 2 3 5 6 8 10 11 12 13 14 | 14.0
Shields        | 1 2 3 4 5 6 7 8 9 10 | 10.5
Unarmed Combat | 1 2 3 4 5 6 7 8 9 10 | 10.5
Spellcasting   | 1 2 3 4 5 6 7 8 9 10 | 10.5
Evocations     | 1 2 3 4 5 6 7 8 9 10 | 10.5
Conjurations   | 1 2 3 4 5 6 7 8 |  8.9
Hexes          | 1 2 3 4 5 6 7 8 |  8.9
Summonings     | 1 2 3 4 5 6 7 8 |  8.9
Necromancy     | 1 2 3 4 5 6 7 8 |  8.9
Translocations | 1 2 3 4 5 6 7 8 |  8.9
Transmutations | 1 2 3 4 5 6 7 8 |  8.9
Fire Magic     | 1 2 3 4 5 6 7 8 |  8.9
Ice Magic      | 1 2 3 4 5 6 7 8 |  8.9
Air Magic      | 1 2 3 4 5 6 7 8 |  8.9
Earth Magic    | 1 2 3 4 5 6 7 8 |  8.9
Poison Magic   | 1 2 3 4 5 6 7 8 |  8.9
Dodging        | 3 4 5 6 7 8 9 10 | 10.9
Invocations    | 5 6 7 8 9 10 11 12 | 12.3
Axes           | 5 6 7 8 9 10 11 | 11.5
Armour         | 5 6 7 8 9 10 11 | 11.5
Fighting       | 7 8 9 10 11 12 | 12.3

Action                   |  1- 3 |  4- 6 |  7- 9 | 10-12 | 13-15 | 16-18 || total
-------------------------+-------+-------+-------+-------+-------+-------++-------
Melee: Hand axe          |    82 |   114 |    12 |       |       |       ||   208
       Bite              |     8 |    15 |    37 |   130 |   203 |     2 ||   395
       Short sword       |       |       |   402 |   995 |  1001 |       ||  2398
       Punch             |       |       |     5 |     3 |       |       ||     8
       War axe           |       |       |       |       |   867 |    10 ||   877
       Unarmed           |       |       |       |       |    19 |       ||    19
Throw: Dart              |       |       |       |     2 |    35 |       ||    37
Invok: Depart the Abyss  |     1 |       |       |       |       |       ||     1
       Banish            |       |       |       |     5 |    23 |     5 ||    33
       Bend Space        |       |       |       |     1 |     7 |     1 ||     9
Evoke: Wand              |       |       |     4 |       |       |       ||     4
  Use: Scroll            |     2 |     8 |     9 |     9 |     9 |       ||    37
       Potion            |     1 |     1 |     1 |     3 |     6 |     6 ||    18
 Stab: Distracted        |       |     1 |       |       |     1 |       ||     2
       Sleeping          |       |       |       |       |     1 |       ||     1
Armor: Chain mail        |    49 |    84 |   301 |   595 |   665 |       ||  1694
       Skin              |       |       |     1 |       |       |       ||     1
       Plate armour      |       |       |       |       |   990 |    18 ||  1008
Dodge: Dodged            |    27 |    50 |   158 |   351 |   780 |     7 ||  1373
Block: Buckler           |       |       |       |   263 |    33 |       ||   296
       Kite shield       |       |       |       |       |  1190 |       ||  1190
       Tower shield      |       |       |       |       |   374 |    25 ||   399

Table legend: (Time is in decaauts)
 A = Elapsed time spent in this place.
 B = Non-inter-level travel time spent in this place.
 C = Inter-level travel time spent in this place.
 D = Time resting spent in this place.
 E = Time spent auto-exploring this place.
 F = Levels seen in this place.
 G = Mean time per level.
                   A        B        C        D        E       F      G
               +--------+--------+--------+--------+--------+-----+--------+
         Total |  30037 |  29178 |    859 |   5106 |  17492 |  22 | 1365.3 |
       Dungeon |  17141 |  16701 |    440 |   2748 |  10340 |  14 | 1224.4 |
          Lair |  11931 |  11513 |    418 |   2179 |   6663 |   6 | 1988.5 |
         Abyss |    337 |    337 |      0 |    113 |    173 |   1 |  337.0 |
       Ossuary |    627 |    627 |      0 |     66 |    315 |   1 |  627.0 |
               +--------+--------+--------+--------+--------+-----+--------+

Top non-repeatable levels by time:
  Lair:1: 3389 daAuts
  Lair:2: 2611 daAuts
  Lair:5: 1935 daAuts
    D:13: 1927 daAuts
     D:9: 1921 daAuts
     D:2: 1701 daAuts
     D:7: 1650 daAuts
  Lair:6: 1650 daAuts
    D:10: 1580 daAuts
  Lair:4: 1481 daAuts
     D:1: 1385 daAuts
     D:3: 1328 daAuts
     D:5: 1072 daAuts
    D:12: 1011 daAuts
     D:4: 996 daAuts
